Map: [TLMC19] Sacred Isle

Players

MaxPax

  • Race: Protoss Protoss
  • League: Master
  • Spawn Location: 3:00

ByuN - Winner!

  • Race: Terran Terran
  • Spawn Location: 7:00

VOD

Have the link to the VOD?

Description

Time

  • Played on: Dec. 22, 2023, 7:55 a.m.
  • Length: 12:23
Show
View Real Time Build Order
Export as new Build Order

MaxPax Protoss 

Build Orders: 1 Gate Expand, Oracle Opening 

Get SALT Encoding   

  12  0:00  Probe  
  13  0:12  Probe  
  14  0:17  Pylon  
  14  0:24  Probe (Chrono Boost)  
  15  0:36  Gateway  
  15  0:37  Probe (Chrono Boost)  
  16  0:44  Probe (Chrono Boost)  
  16  0:45  Assimilator  
  17  0:51  Probe  
  18  1:03  Probe  
  19  1:18  Nexus  
  19  1:20  Probe  
  20  1:30  Cybernetics Core  
  20  1:34  Probe  
  20  1:39  Assimilator  
  21  1:46  Probe  
  22  1:48  Pylon  
  22  1:58  Probe  
  23  2:03  Adept (Chrono Boost)  
  25  2:10  Probe  
  25  2:13  Stargate  
  27  2:22  Warp Gate, Probe  
  27  2:30  Stalker (Chrono Boost)  
  27  2:31  Probe  
  27  2:36  Probe (Chrono Boost)  
  31  2:43  Probe (Chrono Boost)  
  33  2:52  Probe (Chrono Boost)  
  33  2:53  Probe (Chrono Boost)  
  33  2:58  Oracle (Chrono Boost), Probe (Chrono Boost)  
  34  2:59  Probe  
  39  3:08  Gateway  
  39  3:10  Probe  
  39  3:11  Probe  
  41  3:22  Probe  
  41  3:26  Probe  
  43  3:30  Twilight Council  
  43  3:35  Nexus  
  43  3:37  Probe  
  43  3:40  Pylon  
  44  3:43  Probe  
  45  3:49  Probe  
  46  3:58  Probe  
  46  4:00  Assimilator  
  46  4:01  Gateway, Probe  
  48  4:03  Gateway  
  48  4:05  Blink (Chrono Boost)  
  48  4:12  Probe  
  48  4:16  Probe  
  50  4:20  Stalker  
  50  4:21  Stalker  
  54  4:24  Pylon  
  54  4:30  Shield Battery  
  54  4:45  Stalker x2, Forge  
  60  4:46  Probe x2 (Chrono Boost)  
  60  4:47  Probe (Chrono Boost)  
  61  4:56  Probe (Chrono Boost)  
  61  4:58  Probe x2 (Chrono Boost)  
  64  5:07  Stalker x2, Probe x2  
  64  5:09  Stalker  
  64  5:10  Probe  
  64  5:11  Stalker  
  72  5:16  Protoss Ground Weapons Level 1 (Chrono Boost)  
  72  5:19  Probe x2  
  74  5:23  Probe  
  74  5:24  Robotics Facility  
  75  5:30  Stalker  
  75  5:31  Pylon  
  77  5:35  Pylon  
  77  5:37  Pylon, Probe  
  77  5:38  Probe  
  77  5:42  Probe  
  72  5:46  Stalker x3  
  72  5:49  Probe  
  75  5:57  Pylon  
  75  5:59  Stalker  
  75  6:02  Charge  
  77  6:04  Gateway  
  77  6:05  Gateway  
  77  6:07  Gateway  
  77  6:09  Gateway  
  77  6:15  Warp Prism (Chrono Boost)  
  77  6:22  Assimilator  
  77  6:25  Robotics Bay  
  79  6:26  Probe  
  79  6:32  Nexus  
  80  6:34  Zealot x2, Sentry  
  86  6:40  Photon Cannon  
  86  6:43  Zealot, Pylon  
  88  6:47  Immortal (Chrono Boost)  
  92  6:55  Shield Battery  
  92  6:59  Probe x3  
  95  7:02  Zealot x3  
  95  7:05  Zealot x2  
  95  7:08  Zealot  
  107  7:10  Zealot  
  107  7:11  Stalker x2  
  107  7:13  Zealot  
  111  7:17  Probe  
  104  7:24  Stalker x2  
  100  7:30  Probe  
  100  7:31  Probe  
  100  7:32  Stalker x2  
  100  7:33  Probe  
  95  7:39  Zealot x2  
  95  7:43  Probe  
  95  7:44  Probe  
  93  7:46  Colossus (Chrono Boost)  
  93  7:50  Probe x2  
  99  7:59  Zealot x2  
  99  8:00  Zealot x3, Protoss Ground Weapons Level 2 (Chrono Boost)  
  99  8:04  Probe  
  110  8:06  Probe  
  110  8:07  Probe  
  110  8:08  Probe  
  113  8:14  Stalker x2  
  113  8:15  Stalker  
  113  8:16  Probe  
  120  8:22  Probe x2  
  120  8:24  Shield Battery  
  122  8:32  Pylon  
  122  8:35  Shield Battery  
  122  8:38  Forge  
  120  8:41  Photon Cannon  
  120  8:49  Colossus (Chrono Boost)  
  120  8:53  Stalker x6  
  128  8:59  Robotics Facility  
  128  9:00  Assimilator  
  128  9:01  Assimilator  
  128  9:07  Zealot, Sentry  
  129  9:21  Zealot x2  
  127  9:29  Zealot x2  
  127  9:30  Zealot x4, Colossus (Chrono Boost)  
  109  9:43  Zealot x2, Photon Cannon  
  101  9:51  Zealot  
  101  9:52  Zealot x5  
  105  9:54  Shield Battery  
  109  10:03  Probe  
  109  10:04  Zealot x2, Probe  
  109  10:05  Probe  
  116  10:10  Colossus (Chrono Boost)  
  116  10:11  Colossus (Chrono Boost)  
  121  10:15  Gateway  
  121  10:17  Stalker  
  121  10:18  Stalker x3, Gateway  
  129  10:25  Stalker  
  131  10:30  Pylon  
  131  10:33  Pylon  
  131  10:40  Stalker x2  
  131  10:47  Zealot x5  
  125  10:56  Observer (Chrono Boost)  
  124  11:01  Stalker  
  124  11:03  Probe x3  
  129  11:04  Assimilator, Stalker x2  
  129  11:11  Stalker x3, Zealot  
  137  11:13  Warp Prism (Chrono Boost)  
  137  11:21  Zealot x3  
  132  11:30  Pylon  
  132  11:31  Zealot x3  
  129  11:37  Zealot  
  110  11:42  Zealot x2  
  110  11:44  Probe  
  106  11:52  Zealot x3  
  111  11:56  Observer (Chrono Boost)  
  111  11:57  Probe x2  
  106  12:03  Stalker x3  
  106  12:05  Dark Shrine  
  106  12:06  Probe  
  109  12:15  Zealot x3  
Show
View Real Time Build Order
Export as new Build Order

ByuN Terran - Winner!

Build Orders: Reaper Expand 

Get SALT Encoding   

  12  0:00  SCV  
  13  0:12  SCV  
  14  0:16  Supply Depot  
  14  0:24  SCV  
  15  0:38  SCV  
  15  0:39  Barracks  
  16  0:43  Refinery  
  16  0:50  SCV  
  17  1:02  SCV  
  18  1:14  SCV  
  19  1:26  Reaper  
  19  1:27  Orbital Command  
  20  1:39  Command Center  
  20  1:54  SCV  
  20  1:57  Supply Depot  
  20  1:58  Barracks Reactor  
  21  2:17  SCV  
  21  2:21  Command Center  
  22  2:29  SCV  
  23  2:33  Barracks  
  23  2:35  Marine x2  
  25  2:41  SCV  
  25  2:51  Barracks  
  25  2:52  Orbital Command  
  25  2:54  SCV  
  27  2:59  Marine x2  
  28  3:06  SCV  
  29  3:17  Marine  
  29  3:18  SCV, Marine  
  32  3:20  Barracks Tech Lab  
  32  3:24  SCV  
  33  3:33  Orbital Command, SCV  
  34  3:35  Marine x2  
  34  3:36  SCV  
  34  3:38  Marine  
  34  3:40  Marine  
  34  3:41  Stimpack  
  39  3:46  SCV  
  40  3:48  SCV  
  40  3:49  Refinery  
  41  3:58  SCV, Marine x4  
  41  4:01  SCV  
  47  4:03  Factory  
  47  4:15  Supply Depot, Marine  
  47  4:16  SCV  
  47  4:17  SCV x2  
  51  4:21  Barracks Tech Lab  
  51  4:28  SCV  
  51  4:29  SCV x2  
  54  4:31  Refinery  
  54  4:35  Engineering Bay  
  54  4:37  Marine x3  
  57  4:38  Supply Depot  
  57  4:41  Combat Shield, SCV x3  
  57  4:42  Marine  
  61  4:48  Starport, Factory Reactor  
  61  4:53  SCV x2  
  61  4:57  Orbital Command  
  61  4:59  Barracks  
  62  5:06  SCV x2  
  63  5:08  Terran Infantry Weapons Level 1  
  63  5:12  Marine x2, Marauder x2  
  69  5:16  Supply Depot  
  69  5:18  SCV x2  
  71  5:21  Supply Depot  
  71  5:25  Concussive Shells  
  71  5:28  SCV  
  71  5:30  SCV x2  
  71  5:31  Barracks  
  71  5:32  Factory Reactor  
  71  5:34  Medivac  
  71  5:35  Marine  
  77  5:36  Marine x2  
  77  5:40  SCV  
  70  5:46  Marine  
  70  5:53  Marauder, Factory Reactor, Barracks Reactor  
  70  5:54  Marine, Marauder  
  74  5:57  SCV x3  
  74  5:59  Medivac  
  74  6:03  Supply Depot, Missile Turret  
  79  6:04  Supply Depot  
  79  6:08  Medivac  
  79  6:09  SCV x2  
  79  6:10  Supply Depot  
  83  6:12  SCV  
  83  6:15  Supply Depot  
  83  6:17  Marine, Marauder x2  
  87  6:19  Marine  
  87  6:21  SCV x2  
  87  6:23  Barracks Tech Lab  
  87  6:25  SCV  
  87  6:33  SCV x2, Widow Mine x2  
  87  6:36  Refinery  
  87  6:37  Supply Depot x2, SCV, Refinery  
  87  6:39  Marine x3  
  97  6:41  Marine  
  97  6:45  SCV  
  97  6:52  Marauder x3  
  103  6:56  SCV x2, Marine x2  
  103  6:57  Marine  
  103  6:58  SCV, Widow Mine x2  
  103  6:59  Marine  
  114  7:03  Terran Infantry Armor Level 1, Medivac  
  116  7:10  Medivac  
  118  7:19  Marauder x3  
  118  7:20  Marine x4  
  118  7:21  Widow Mine  
  118  7:22  Widow Mine  
  132  7:26  SCV x2  
  130  7:30  SCV  
  125  7:38  SCV x2, Marine x3  
  125  7:40  Marauder  
  125  7:41  Medivac  
  125  7:42  SCV, Medivac  
  125  7:43  Widow Mine x2  
  133  7:48  Marauder x2  
  133  7:50  SCV x2  
  133  7:52  Marine, Missile Turret  
  133  7:54  SCV  
  133  7:56  Marine, Armory  
  133  7:58  Engineering Bay  
  140  8:05  Widow Mine  
  140  8:06  Widow Mine  
  138  8:14  Marauder  
  138  8:16  Command Center  
  138  8:18  Supply Depot  
  138  8:19  Supply Depot  
  140  8:25  Supply Depot  
  140  8:27  Marine  
  141  8:35  SCV  
  141  8:36  Supply Depot  
  141  8:39  Marine x4  
  141  8:40  SCV x2, Marauder  
  141  8:41  Marauder  
  151  8:46  Widow Mine x2, Medivac x2  
  151  8:47  Ghost Academy  
  159  8:56  Terran Infantry Weapons Level 2  
  159  8:57  Terran Infantry Armor Level 2  
  159  9:00  SCV x2  
  159  9:01  SCV  
  162  9:05  Marine x3  
  162  9:06  Marine  
  162  9:07  Marauder  
  166  9:21  Starport  
  166  9:22  Marauder  
  163  9:25  Marauder  
  163  9:27  Hellion, Widow Mine  
  163  9:28  Marauder  
  163  9:30  SCV  
  140  9:40  Marine x2  
  140  9:43  Marauder  
  140  9:44  Marine x2  
  139  9:46  Marauder  
  139  9:48  Widow Mine x2  
  139  9:49  Planetary Fortress, Marauder  
  146  9:56  SCV x3  
  146  9:59  Marine x2  
  151  10:00  Starport Reactor  
  151  10:04  Marauder  
  151  10:05  Barracks  
  153  10:07  Barracks, Marauder  
  153  10:08  Barracks  
  153  10:10  Missile Turret, Widow Mine x2  
  159  10:15  Missile Turret, Ghost  
  159  10:17  Marine x4  
  161  10:25  Ghost  
  161  10:28  Ghost  
  161  10:31  Widow Mine x2  
  161  10:34  Command Center  
  161  10:35  Marine x2  
  166  10:44  Marauder  
  154  10:51  Marine x2  
  154  10:52  Viking x2  
  154  10:53  Marine x2, Viking x2  
  154  10:54  Marauder  
  154  10:55  Widow Mine x2  
  172  10:57  Marauder  
  172  10:59  Missile Turret  
  172  11:05  Marauder  
  172  11:06  Barracks Tech Lab, Barracks Reactor  
  172  11:07  Barracks Tech Lab  
  174  11:16  Marauder  
  170  11:19  Marauder  
  170  11:25  Marine  
  170  11:26  Marine  
  170  11:27  Marauder  
  170  11:28  Widow Mine x2  
  176  11:34  Marauder x2  
  176  11:37  Marauder  
  170  11:40  Marauder  
  156  11:48  Marauder, Viking  
  156  11:53  Refinery  
  158  11:54  Refinery, Command Center  
  158  11:55  Marauder x2  
  158  11:56  Command Center  
  158  12:01  Marine x6, Marauder  
Tags
 
Add a new tag
Caveats
  • Supply blocks, unpowered buildings, or Contaminate may cause inaccurate times.
  • Supply counts are checked every 10 seconds.